Map: Ruins of Seras

Players

MCanning - Winner!

  • Race: Protoss Protoss
  • League: Grandmaster

Krylon

  • Race: Terran Terran
  • League: Master

VOD

http://www.twitch.tv/mcanning/v/30690643

Description

Time

  • Played on: Dec. 19, 2015, 6:21 a.m.
  • Length: 9:28
Show
View Real Time Build Order
Export as new Build Order

MCanning Protoss - Winner!

Build Orders: 1 Gate Expand 

Get SALT Encoding   

  12  0:01  Probe (Chrono Boost)  
  13  0:12  Probe (Chrono Boost)  
  14  0:20  Pylon  
  14  0:22  Probe (Chrono Boost)  
  15  0:38  Probe (Chrono Boost)  
  15  0:42  Gateway  
  16  0:49  Probe (Chrono Boost)  
  17  0:55  Assimilator  
  17  1:00  Probe (Chrono Boost)  
  18  1:10  Probe (Chrono Boost)  
  19  1:21  Nexus  
  20  1:25  Probe (Chrono Boost)  
  20  1:36  Cybernetics Core  
  20  1:44  Probe (Chrono Boost)  
  21  1:49  Pylon  
  21  1:55  Probe (Chrono Boost)  
  22  2:09  Probe (Chrono Boost)  
  23  2:19  Adept  
  23  2:20  Mothership Core (Chrono Boost)  
  27  2:22  Assimilator  
  27  2:24  Warp Gate (Chrono Boost)  
  27  2:26  Pylon  
  27  2:38  Probe  
  27  2:41  Probe  
  29  2:45  Assimilator  
  29  2:46  Adept (Chrono Boost)  
  29  2:50  Probe  
  32  2:53  Probe  
  33  3:06  Robotics Facility  
  33  3:09  Probe x2  
  35  3:15  Adept (Chrono Boost)  
  37  3:21  Probe x2  
  39  3:33  Probe x2  
  41  3:35  Gateway  
  41  3:40  Gateway  
  41  3:50  Probe  
  41  3:51  Gateway  
  41  3:55  Observer (Chrono Boost)  
  43  4:01  Pylon  
  43  4:02  Probe  
  44  4:04  Probe (Chrono Boost)  
  45  4:14  Probe (Chrono Boost), Observer (Chrono Boost)  
  47  4:20  Probe  
  48  4:26  Probe  
  48  4:31  Probe  
  49  4:34  Twilight Council  
  50  4:39  Stalker x2  
  50  4:41  Probe  
  50  4:42  Assimilator  
  50  4:43  Observer (Chrono Boost)  
  56  4:48  Probe  
  56  4:53  Probe  
  56  4:54  Pylon  
  56  4:59  Immortal (Chrono Boost)  
  57  5:05  Blink (Chrono Boost)  
  57  5:06  Probe  
  62  5:16  Probe  
  62  5:20  Probe  
  64  5:24  Forge  
  64  5:26  Robotics Bay  
  62  5:31  Probe  
  62  5:32  Immortal (Chrono Boost)  
  67  5:37  Pylon  
  67  5:47  Stalker  
  67  5:49  Pylon  
  69  5:52  Pylon  
  69  5:57  Protoss Ground Armor Level 1 (Chrono Boost)  
  69  5:59  Stalker x2  
  69  6:02  Probe  
  74  6:15  Adept x2  
  78  6:24  Adept x2  
  82  6:28  Nexus  
  82  6:29  Disruptor (Chrono Boost)  
  85  6:36  Pylon  
  85  6:37  Probe  
  86  6:40  Probe  
  87  6:55  Dark Shrine  
  87  6:59  Probe  
  87  7:00  Gateway x2, Disruptor (Chrono Boost)  
  91  7:07  Probe  
  92  7:09  Photon Cannon  
  92  7:13  Photon Cannon  
  92  7:30  Stalker, Disruptor (Chrono Boost)  
  92  7:31  Stalker  
  99  7:46  Gateway  
  99  7:48  Pylon  
  99  7:55  Stalker x2  
  99  7:56  Stalker x2, Disruptor  
  107  7:59  Probe  
  107  8:01  Pylon  
  107  8:02  Probe  
  107  8:04  Probe  
  111  8:09  Dark Templar  
  111  8:10  Dark Templar  
  115  8:21  Dark Templar  
  117  8:34  Stalker x3  
  119  8:42  Probe  
  119  8:46  Assimilator  
  119  8:48  Assimilator  
  120  8:50  Pylon  
  120  8:51  Probe  
  121  8:56  Stalker x3  
  121  9:01  Probe  
  127  9:10  Stalker x3  
Show
View Real Time Build Order
Export as new Build Order

Krylon Terran 

Build Orders: Cyclone Opening, MMM Bio 

Get SALT Encoding   

  12  0:00  SCV  
  13  0:12  SCV  
  14  0:18  Supply Depot  
  14  0:25  SCV  
  15  0:28  Refinery  
  15  0:39  SCV  
  16  0:45  Barracks  
  16  0:51  SCV  
  17  1:04  SCV  
  18  1:16  SCV  
  19  1:25  Refinery  
  19  1:32  Orbital Command  
  19  1:34  Factory  
  19  1:40  Marine  
  19  1:45  Supply Depot  
  20  1:58  SCV, Marine  
  22  2:11  SCV  
  23  2:17  Marine  
  23  2:18  Factory Tech Lab  
  24  2:23  SCV  
  25  2:34  Supply Depot  
  25  2:35  SCV, Marine  
  27  2:37  Cyclone  
  30  2:49  Command Center  
  30  2:50  SCV  
  31  2:55  Marine  
  32  3:03  SCV  
  33  3:08  Barracks  
  33  3:10  Refinery  
  33  3:15  Engineering Bay  
  33  3:17  SCV  
  34  3:29  Factory Reactor  
  34  3:31  Supply Depot, Stimpack  
  34  3:32  Marine  
  35  3:37  SCV  
  36  3:46  Missile Turret  
  36  3:50  Marine  
  36  3:53  SCV  
  39  4:03  Orbital Command  
  39  4:06  Starport  
  38  4:11  SCV  
  38  4:13  Marine  
  38  4:15  Factory Reactor  
  40  4:20  Marine  
  40  4:21  Marine  
  42  4:25  SCV  
  43  4:33  Marine  
  43  4:34  Orbital Command  
  43  4:37  SCV  
  45  4:38  Marine  
  46  4:49  SCV  
  46  4:50  Marine  
  48  5:00  Command Center, Marine  
  48  5:01  SCV  
  48  5:04  SCV  
  48  5:06  Factory Reactor  
  48  5:07  Marine  
  51  5:08  Medivac  
  51  5:12  Medivac  
  51  5:13  SCV  
  57  5:19  SCV  
  57  5:22  Marine  
  57  5:23  Supply Depot, Refinery  
  57  5:26  Marine  
  57  5:27  Marine  
  60  5:28  SCV  
  60  5:31  Supply Depot  
  60  5:35  SCV, Combat Shields  
  62  5:45  SCV  
  62  5:46  Barracks  
  63  5:50  Marine x2  
  63  5:52  Medivac  
  63  5:53  Medivac  
  63  5:55  Marine  
  70  6:01  SCV  
  70  6:03  SCV  
  72  6:05  Refinery  
  72  6:07  Supply Depot  
  72  6:08  Marine  
  72  6:09  Terran Infantry Weapons Level 1  
  73  6:19  Widow Mine, Marine x2  
  73  6:20  SCV  
  73  6:22  SCV  
  79  6:25  Supply Depot  
  79  6:26  Marine  
  79  6:27  Medivac  
  82  6:38  Marine  
  84  6:40  Barracks Reactor  
  84  6:41  Bunker x2, Medivac  
  84  6:48  Widow Mine, Marine x2  
  88  6:56  Marine  
  88  6:59  Widow Mine  
  90  7:06  Marine x2  
  92  7:11  Supply Depot  
  92  7:12  Supply Depot  
  92  7:13  Marine  
  93  7:19  Orbital Command  
  93  7:21  Marine  
  94  7:24  Marine  
  94  7:27  Marine x2  
  96  7:39  Marine  
  96  7:40  Widow Mine x2, Marine  
  96  7:41  Medivac x2  
  106  7:46  Marine x2  
  106  7:47  Marine  
  106  7:49  Orbital Command  
  109  8:00  Barracks x2  
  109  8:02  Marine x2  
  109  8:04  Marine  
  112  8:07  Marine x2  
  114  8:19  Marine  
  114  8:24  Marine  
  114  8:25  Widow Mine x2, Medivac, Marine  
  114  8:26  Marauder  
  125  8:31  Supply Depot, Medivac  
  125  8:32  Armory  
  96  8:43  Marine x2  
  96  8:44  Marine x2  
  96  8:47  Marauder  
  100  8:49  Barracks Tech Lab, Marine  
  95  9:01  Marine x2  
  87  9:03  Marine  
  87  9:07  Marine  
  87  9:13  Missile Turret  
Tags
 
Add a new tag
Caveats
  • Supply blocks, unpowered buildings, or Contaminate may cause inaccurate times.
  • Supply counts are checked every 10 seconds.